 Dungeon Crawl Stone Soup version 0.28-a0-1143-gcf6077d4cc (webtiles) character file.

Game seed: 9732336964745658899

74 siradein the Covered (level 4, -1/40 HPs)
             Began as a Minotaur Fighter on Dec 14, 2021.
             Killed from afar by Natasha (2 damage)
             ... with a magic dart
             ... on level 2 of the Dungeon.
             The game lasted 00:04:29 (1020 turns).

siradein the Covered (Minotaur Fighter)             Turns: 1020, Time: 00:04:30

Health: -1/40      AC:  7    Str: 20    XL:     4   Next: 9%
Magic:  3/3        EV:  9    Int:  5    God:
Gold:   57         SH:  5    Dex: 12    Spells: 3/3 levels left

rFire   . . .      SeeInvis .   a - +0 long sword
rCold   . . .      Faith    .   c - +0 buckler
rNeg    . . .      Spirit   .   b - +0 scale mail
rPois   .          Reflect  .   (helmet restricted)
rElec   .          Harm     .   (no cloak)
rCorr   .          Rampage  .   (no gloves)
Will    .....                   (no boots)
Stlth   ..........              (no amulet)
HPRegen 0.13/turn               (no ring)
MPRegen 0.08/turn               (no ring)

@: slowed, very slow
A: horns 2, retaliatory headbutt
a: no special abilities


You were on level 2 of the Dungeon.
You visited 1 branch of the dungeon, and saw 2 of its levels.

You collected 57 gold pieces.

Inventory:

Hand Weapons
 a - a +0 long sword (weapon)
Armour
 b - a +0 scale mail (worn)
 c - a +0 buckler (worn)
Scrolls
 e - a scroll of identify {unknown}
 f - a scroll of blinking {unknown}
 g - a scroll of silence {unknown}
Potions
 d - a potion of might


   Skills:
 + Level 4.3 Fighting
 + Level 3.4 Long Blades
 + Level 4.3 Armour
 + Level 4.3 Shields


You had 3 spell levels left.
You didn't know any spells.
Your spell library contained the following spells:

 Spells                   Type           Power      Damage    Failure   Level
 Animate Dead             Necr           0%         N/A       100%        4
 Borgnjor's Vile Clutch   Necr/Erth      0%         N/A       100%        5
 Death Channel            Necr           0%         N/A       100%        6


Dungeon Overview and Level Annotations

Branches:
Dungeon (2/15)

Altars:

Shops:
D:1 *

Annotations:
D:2 Natasha


Innate Abilities, Weirdness & Mutations

You have a pair of horns on your head.
You reflexively headbutt those who attack you in melee.


Message History

Natasha drinks a potion.
Natasha is healed!
You block Natasha's attack.
You hit Natasha but do no damage. Natasha barely misses you.
You furiously retaliate!
You headbutt Natasha. You closely miss Natasha.
Natasha is lightly wounded.
Natasha casts a spell at you.
You feel yourself slow down.
You barely miss Natasha. Your headbutt misses Natasha.
Natasha is lightly wounded.
You block Natasha's attack. Natasha claws you!
You are too injured to fight recklessly!
You are too injured to fight recklessly!
You closely miss Natasha.
Natasha is lightly wounded.
Natasha stares at you and mumbles some strange words.
The magic dart hits you!
* * * LOW HITPOINT WARNING * * *
Natasha claws you but does no damage.
You closely miss Natasha. You headbutt Natasha, but do no damage.
Natasha is lightly wounded.
Natasha closely misses you. Natasha barely misses you. You furiously retaliate!
You headbutt Natasha, but do no damage. You hit Natasha.
Natasha is lightly wounded.
Natasha casts a spell.
You hit Natasha.
Natasha is moderately wounded.
You block Natasha's attack.
Natasha stares at you and mumbles some strange words.
The magic dart hits you!
* * * LOW HITPOINT WARNING * * *
You miss Natasha.
Natasha is moderately wounded.
Natasha claws you but does no damage.
Natasha mumbles some strange words.
You slash Natasha!
Natasha is severely wounded.
Natasha casts a spell at you. The magic dart hits you.
You die...

.......# #.#####
.......# ##.....#
.......# #......#
.......########......#
.....................#
###############......#
.##### #.......#
)....#.........#.....#
...............#@#####
...#.#.........#h#
##..............5#
##.............. #
##............
######.........#.##
....#..........#..
...............###
...)##.........#


You could see Natasha and a shadow imp (summoned).

Vanquished Creatures
  Natasha (D:2)
  A worm (D:2)
  2 dart slugs (D:1)
  6 endoplasms
  A giant cockroach (D:1)
  5 goblins
  3 hobgoblins
  2 jackals (D:1)
  2 kobolds
  3 quokkas
  3 ball pythons (D:1)
  3 bats (D:1)
  2 frilled lizards (D:1)
  3 rats
37 creatures vanquished.

Notes
Turn   | Place    | Note
-------+----------+-------------------------------------------
     0 | D:1      | siradein the Minotaur Fighter began the quest for the Orb.
     0 | D:1      | Reached XP level 1. HP: 19/19 MP: 0/0
    72 | D:1      | Reached XP level 2. HP: 23/27 MP: 1/1
   195 | D:1      | Found Setroj's Assorted Antiques.
   314 | D:1      | Found a faded altar of an unknown god.
   357 | D:1      | Reached XP level 3. HP: 33/33 MP: 2/2
   828 | D:2      | Noticed Natasha
   849 | D:2      | HP: 1/33 [Natasha (2)]
   850 | D:2      | Killed Natasha
   851 | D:2      | Reached XP level 4. HP: 1/40 MP: 3/3
  1005 | D:2      | Noticed Natasha
  1018 | D:2      | HP: 1/40 [Natasha/magic dart (8)]
  1020 | D:2      | Killed from afar by Natasha

Illustrated notes

Levels and vault maps discovered:
D:1:      amcnicky_arrival_abandoned_market, layout_basic, serial_shops, shop,
          hellmonk_ecumenical_altar_lost_god, hangedman_decor_clover_reticule
D:2:      layout_rooms, basic_altar, serial_shops, shop, uniq_natasha

Skill      XL: |  1  2 |
---------------+-------+-----
Armour         | 4 |  4.3
Fighting       | 4 |  4.3
Shields        | 4 |  4.3
Long Blades    | 3 |  3.4

Action                   |  1- 3 |  4- 6 || total
-------------------------+-------+-------++-------
Melee: Long sword        |    88 |    11 ||    99
       Headbutt          |    11 |     1 ||    12
Armor: Scale mail        |    49 |     3 ||    52
Dodge: Dodged            |    44 |     3 ||    47
Block: Buckler           |    20 |     4 ||    24

Table legend: (Time is in decaauts)
 A = Elapsed time spent in this place.
 B = Non-inter-level travel time spent in this place.
 C = Inter-level travel time spent in this place.
 D = Time resting spent in this place.
 E = Time spent auto-exploring this place.
 F = Levels seen in this place.
 G = Mean time per level.
                   A        B        C        D        E       F      G
               +--------+--------+--------+--------+--------+-----+--------+
         Total |   1048 |   1032 |     16 |      0 |    813 |   2 |  524.0 |
       Dungeon |   1048 |   1032 |     16 |      0 |    813 |   2 |  524.0 |
               +--------+--------+--------+--------+--------+-----+--------+

Top non-repeatable levels by time:
     D:1: 687 daAuts
     D:2: 361 daAuts
